 Dungeon Crawl Stone Soup version bcrawl-1.19.2-6-g6a88ae04c9 (webtiles) character file.

Game seed: 1268051713011477483

337 MisterOstroum the Skirmisher (level 6, 0/44 HPs)
             Began as a Kobold Gladiator on Dec 22, 2019.
             Was an Initiate of Yredelemnul.
             Slain by a troll (7 damage)
             ... on level 5 of the Dungeon.
             The game lasted 00:05:45 (3331 turns).

MisterOstroum the Skirmisher (Kobold Gladiator)     Turns: 3331, Time: 00:05:45

Health: 0/44       AC: 10    Str: 12    XL:     6   Next: 85%
Magic:  6/6        EV:  9    Int: 10    God:    Yredelemnul [......]
Gold:   285        SH:  0    Dex: 17    Spells: 5/5 levels left

rFire    . . .     SeeInvis +   a - +0 flail
rCold    . . .     Gourm    .   (shield restricted)
rNeg     . . .     Faith    .   w - +0 chain mail
rPois    +         Spirit   .   c - +0 helmet
rElec    .         Reflect  .   (no cloak)
rCorr    .         Harm     .   i - +0 pair of gloves
MR       .....                  (no boots)
Stlth    ..........             (no amulet)
HPRegen  0.14/turn              v - ring of poison resistance
MPRegen  0.10/turn              y - ring of see invisible

@: no status effects
A: small, talons 1, carnivore, mutation resistance 1
a: Renounce Religion


You were on level 5 of the Dungeon.
You worshipped Yredelemnul.
Yredelemnul was noncommittal.
You were completely stuffed.

You visited 2 branches of the dungeon, and saw 6 of its levels.

You collected 285 gold pieces.

Inventory:

Hand Weapons
 a - a +0 flail (weapon)
 b - a cursed -1 mace
 f - a +0 whip
Missiles
 k - 1829 stones (quivered)
 B - 271 sling bullets
Armour
 c - a +0 helmet (worn)
 i - a +0 pair of gloves (worn)
 w - a +0 chain mail (worn)
Jewellery
 v - a ring of poison resistance (left hand)
 y - a ring of see invisible (right hand)
Scrolls
 g - a scroll of identify {unknown}
 h - a scroll of teleportation {unknown}
 j - a scroll of fog {unknown}
 o - a scroll of blinking {unknown}
 r - 2 scrolls of remove curse {unknown}
 x - a scroll of fear {unknown}
 z - a scroll of immolation {unknown}
 C - a scroll of amnesia {unknown}
Potions
 l - 3 potions of curing {@q1 !q}
 m - 3 potions of resistance {unknown}
 n - a potion of cancellation {unknown}
 p - 3 potions of berserk rage {unknown}
 s - a potion of brilliance {unknown}
 t - 3 potions of heal wounds {unknown}
 u - a potion of degeneration {unknown}
 A - a potion of lignification {unknown}
Comestibles
 e - 8 rations {!d}


   Skills:
 * Level 4.7 Fighting
 * Level 4.4 Maces & Flails
 - Level 2.6 Throwing
 + Level 2.0 Armour
 + Level 4.6 Dodging


You had 5 spell levels left.
You didn't know any spells.
Your spell library was empty.

Dungeon Overview and Level Annotations

Branches:
Dungeon (5/12)             Temple (1/1) D:4

Altars:
Ashenzari
Cheibriados
Dithmenos
Elyvilon
Fedhas
Gozag
Hepliaklqana
Kikubaaqudgha
Lugonu
Makhleb
Okawaru
Qazlal
Ru
Sif Muna
Trog
Uskayaw
Vehumet
Wu Jian
Yredelemnul
Zin
The Shining One


Innate Abilities, Weirdness & Mutations

You are small and have problems with some larger weapons.
You have sharp toenails.
You are carnivorous and can eat meat at any time.
You are somewhat resistant to further mutation.


Message History

Done exploring.
Wield which item (- for none, * to show all)? (? for menu, Esc to quit)
Okay, then.
Okay, then.
Done exploring.
Done exploring.
Done exploring.
(D) Dungeon (T) Temple
Where to? (Enter - D:4, ? - help)
There is a stone staircase leading down here.
You climb downwards.
There is a stone staircase leading up here.
Found a stone staircase leading down.
Found a runed hand axe.
A troll comes into view.
The troll shouts!
Found a shortbow.
You hit the troll but do no damage. The troll bites you.
The troll claws you but does no damage. x2
Your chain mail prevents you from hitting the troll.
You claw the troll, but do no damage. The troll closely misses you.
The troll claws you. The troll barely misses you.
You hit the troll. You claw the troll.
The troll is lightly wounded.
The troll barely misses you. The troll claws you but does no damage.
The troll claws you.
You hit the troll. You claw the troll, but do no damage.
The troll is moderately wounded.
The troll barely misses you. The troll completely misses you.
The troll claws you.
Your chain mail prevents you from hitting the troll.
You claw the troll, but do no damage.
The troll is moderately wounded.
The troll barely misses you. x2; The troll claws you.
You barely miss the troll. You claw the troll.
The troll is moderately wounded.
The troll bites you. The troll claws you. The troll barely misses you.
You are too injured to fight recklessly!
You are too injured to fight recklessly!
You are too injured to fight recklessly!
You are too injured to fight recklessly!
You are too injured to fight recklessly!
You are too injured to fight recklessly!
You are too injured to fight recklessly!
You are too injured to fight recklessly!
You are too injured to fight recklessly!
You are too injured to fight recklessly!
You are too injured to fight recklessly!
You are too injured to fight recklessly!
You are too injured to fight recklessly!
You are too injured to fight recklessly!
You are too injured to fight recklessly!
You are too injured to fight recklessly!
You are too injured to fight recklessly!
You aren't carrying any items that you can evoke.
Unknown command.
Throwing (i - inventory. (/) - cycle)
d - 2 throwing nets (quivered)
{!f!f}
Press: ? - help, Shift-Dir - straight line, f - troll
Aim: a troll (lightly wounded) Really fire
d - 2 throwing nets {!f!f}?
You throw a throwing net {!f!f}. The throwing net {!f!f} hits the troll.
The troll is caught in the net!
The troll is lightly wounded.
The troll struggles against the net.
You hit the troll.
The troll is moderately wounded.
You hit the troll. You claw the troll.
The troll is moderately wounded.
The troll struggles against the net.
You hit the troll but do no damage. You claw the troll.
The troll is moderately wounded.
The troll struggles against the net.
Wield which item (- for none, * to show all)? (? for menu, Esc to quit)
Okay, then.
Wield which item (- for none, * to show all)? (? for menu, Esc to quit)
a - a +0 flail (weapon)
The troll struggles against the net.
You catch the helpless troll completely off-guard!
You hit the troll.
The troll is moderately wounded.
The troll struggles against the net.
The net rips apart, and the troll comes free!
You sock the troll! Your kick misses the troll.
The troll is heavily wounded.
The troll bites you. The troll barely misses you. The troll claws you.
Throwing (i - inventory. (/) - cycle)
d - a throwing net (quivered)
{!f!f}
Press: ? - help, Shift-Dir - straight line, f/p - troll
Aim: a troll (heavily wounded) Really fire
d - a throwing net {!f!f}?
You throw a throwing net {!f!f}.
The throwing net {!f!f} closely misses the troll.
The troll bites you. The troll barely misses you. The troll claws you.
* * * LOW HITPOINT WARNING * * *
You closely miss the troll.
The troll is heavily wounded.
The troll barely misses you. The troll claws you.
* * * LOW HITPOINT WARNING * * *
The troll claws you!
You die...
Your body rises from the dead as a mindless zombie.

##.# #.. #.# #(# #.#
#.# # #.# #.#
#.###.########.#
#..............### #
###........###..$##...
#.#.####.##.T(...#
#.#.........@...)#
#.#.####.#...>...# #
#.# #.#.......# #.#
...#......# #..
.........##..
#.###...##.### #.# #.#
##.###.. .# #. #.#
####


You could see a troll.

Vanquished Creatures
  A sky beast (D:4)
  A crimson imp (D:4)
  A jelly (D:4)
  Jessica (D:2)
  Terence (D:3)
  4 adders
  A worm (D:4)
  5 dart slugs
  6 leopard geckos
  8 orcs
  4 bats
  2 giant cockroaches
  6 goblins
  12 hobgoblins
  2 jackals (D:3)
  2 quokkas
  A frilled lizard (D:3)
  4 kobolds (D:1)
  6 rats
68 creatures vanquished.

Notes
Turn   | Place    | Note
-------+----------+-------------------------------------------
     0 | D:1      | MisterOstroum the Kobold Gladiator began the quest for the
                  | Orb.
     0 | D:1      | Reached XP level 1. HP: 14/14 MP: 1/1
    74 | D:1      | Reached XP level 2. HP: 20/20 MP: 2/2
   255 | D:1      | Reached XP level 3. HP: 23/25 MP: 3/3
   889 | D:2      | Reached XP level 4. HP: 18/31 MP: 4/4
  1609 | D:2      | Noticed Terence
  1655 | D:2      | Reached skill level 1 in Armour
  1709 | D:2      | Noticed Jessica
  1722 | D:2      | Killed Jessica
  1722 | D:2      | Reached XP level 5. HP: 37/37 MP: 5/5
  1911 | D:3      | Killed Terence
  2623 | D:4      | Found a staircase to the Ecumenical Temple.
  2760 | Temple   | Entered the Ecumenical Temple
  2903 | Temple   | Became a worshipper of Yredelemnul the Dark
  3030 | D:4      | Reached XP level 6. HP: 37/43 MP: 6/6
  3074 | D:4      | Noticed a sky beast
  3099 | D:4      | Killed a sky beast
  3292 | D:5      | Entered Level 5 of the Dungeon
  3311 | D:5      | Noticed a troll
  3331 | D:5      | Slain by a troll

Skill      XL: |  1  2  3  4  5  6 |
---------------+-------------------+-----
Maces & Flails | 3 4 |  4.4
Fighting       | 3 4 |  4.7
Dodging        | 4 |  4.6
Armour         | 1 2 |  2.0
Throwing       | |  2.6

Action                   |  1- 3 |  4- 6 || total
-------------------------+-------+-------++-------
Melee: Whip              |    90 |   213 ||   303
       Kick              |    28 |    69 ||    97
       Flail             |     3 |     3 ||     6
Throw: Stone             |       |     5 ||     5
       Throwing net      |       |     4 ||     4
 Stab: Sleeping          |     2 |       ||     2
       Held in net/web   |       |     1 ||     1
  Eat: Chunk             |     8 |     8 ||    16
Armor: Scale mail        |    34 |    30 ||    64
       Chain mail        |       |    31 ||    31
Dodge: Dodged            |    50 |   108 ||   158
